 Dungeon Crawl Stone Soup version 0.29-a0-1033-gb6c65ffae6 (webtiles) character file.

Game seed: 1780694652182865328

82 nicolae the Skirmisher (level 4, 38/38 HPs)
             Began as a Gnoll Hunter on Aug 13, 2022.
             Quit the game on level 2 of the Dungeon on Aug 14, 2022.
             The game lasted 00:02:10 (1004 turns).

nicolae the Skirmisher (Gnoll Hunter)               Turns: 1004, Time: 00:02:10

Health: 38/38      AC:  5    Str: 10    XL:     4   Next: 43%
Magic:  5/5        EV: 13    Int:  9    God:
Gold:   148        SH:  0    Dex: 17    Spells: 5/5 levels left

rFire   . . .      SeeInvis .   a - +0 shortbow
rCold   . . .      Faith    .   (shield currently unavailable)
rNeg    . . .      Spirit   .   c - +2 leather armour
rPois   .          Reflect  .   (no helmet)
rElec   .          Harm     .   (no cloak)
rCorr   .          Rampage  .   (no gloves)
Will    .....                   (no boots)
Stlth   ++........              (no amulet)
HPRegen 0.12/turn               (no ring)
MPRegen 0.09/turn               (no ring)

@: no status effects
A: fangs 1, strong nose, distributed training
a: no special abilities


You were on level 2 of the Dungeon.
You visited 1 branch of the dungeon, and saw 2 of its levels.

You collected 148 gold pieces.

Inventory:

Hand Weapons
 a - a +0 shortbow (weapon)
Missiles
 f - 6 atropa-tipped darts
 l - 3 poisoned darts
Armour
 c - a +2 leather armour (worn)
Scrolls
 b - a scroll of immolation
 d - a scroll of fear {unknown}
 g - a scroll of teleportation {unknown}
 h - a scroll of silence {unknown}
 j - a scroll of identify {unknown}
 k - a scroll of summoning {unknown}
 m - a scroll of noise {unknown}
 n - a scroll of amnesia
 p - a scroll of brand weapon {unknown}
Potions
 e - a potion of lignification {unknown}
 i - 3 potions of heal wounds
 o - a potion of ambrosia {unknown}


   Skills:
 + Level 4.6 Fighting
 + Level 1.2 Short Blades
 + Level 1.2 Long Blades
 + Level 1.2 Axes
 + Level 1.2 Maces & Flails
 + Level 1.2 Polearms
 + Level 1.2 Staves
 + Level 8.6 Ranged Weapons
 + Level 1.2 Throwing
 + Level 1.2 Armour
 + Level 4.6 Dodging
 + Level 2.6 Stealth
 + Level 1.2 Shields
 + Level 1.2 Unarmed Combat
 + Level 1.2 Spellcasting
 + Level 1.0 Conjurations
 + Level 1.0 Hexes
 + Level 1.0 Summonings
 + Level 1.0 Necromancy
 + Level 1.0 Translocations
 + Level 1.0 Transmutations
 + Level 1.0 Fire Magic
 + Level 1.0 Ice Magic
 + Level 1.0 Air Magic
 + Level 1.0 Earth Magic
 + Level 1.0 Poison Magic
 + Level 1.3 Invocations
 + Level 1.2 Evocations


You had 5 spell levels left.
You didn't know any spells.
Your spell library contained the following spells:

 Spells                   Type           Power      Damage    Failure   Level
 Gell's Gravitas          Tloc           2%         N/A       67%         3
 Teleport Other           Tloc           2%         N/A       67%         3
 Dispersal                Tloc           1%         N/A       100%        6


Dungeon Overview and Level Annotations

Branches:
Dungeon (2/15)

Altars:
Ashenzari


Innate Abilities, Weirdness & Mutations

You have very sharp teeth.
Your uncanny sense of smell can sniff out nearby items.
Your experience applies equally to all skills.


Message History

You shoot an arrow. The arrow hits the rat.
The rat is moderately wounded.
A rat is nearby!
You shoot an arrow. The arrow barely misses the rat.
You shoot an arrow. The arrow hits the rat.
The rat is severely wounded.
The rat closely misses you. The rat bites you.
You shoot an arrow.
The arrow hits the rat but does no damage.
The rat is severely wounded.
The rat bites you but does no damage.
You shoot an arrow. The arrow hits the rat.
You kill the rat!
Found two gnoll skeletons.
There is an open door here.
You open the door.
Found a faded altar of an unknown god.
There is an open door here.
There is an open door here.
There is an open door here.
Found two stone staircases leading down.
You see here a bat corpse.
You see here an adder skeleton.
There is an escape hatch in the ceiling here.
You now have 108 gold pieces (gained 13).
You now have 116 gold pieces (gained 8).
You now have 126 gold pieces (gained 10).
You now have 136 gold pieces (gained 10).
You now have 148 gold pieces (gained 12).
Found a morningstar.
Done exploring.
Done exploring.
As you read the scroll labelled HEUHYF PIFUE, it crumbles to dust.
It is a scroll of amnesia.
You feel forgetful for a moment.
Okay, then.
Save game and exit?
Welcome back, nicolae the Gnoll Hunter.
Press ? for a list of commands and other information.
Are you sure you want to abandon this character and quit the game? (Confirm with "yes".)

#..#..## ##.#.##
###.#<### ###........
#.......###
###################......
#..........##...###......
#........................
#.......@..##...###......
#........)..#...###......
########.#..#....##......
#..#....#......)..
##...##.###......<
##..##...........
#.....#.....#...
#.##..##..#.###.
#.##.).#...รท....


There were no monsters in sight!

Vanquished Creatures
  3 gnolls (D:2)
  2 adders (D:2)
  A worm (D:2)
  A dart slug (D:1)
  6 endoplasms
  A giant cockroach (D:2)
  2 hobgoblins (D:1)
  A quokka (D:1)
  2 ball pythons
  3 bats
  2 frilled lizards (D:2)
  2 goblins (D:2)
  5 kobolds
  4 rats
35 creatures vanquished.

Notes
Turn   | Place    | Note
-------+----------+-------------------------------------------
     0 | D:1      | nicolae the Gnoll Hunter began the quest for the Orb.
     0 | D:1      | Reached XP level 1. HP: 20/20 MP: 1/1
   203 | D:1      | Reached XP level 2. HP: 26/26 MP: 2/2
   560 | D:2      | Reached XP level 3. HP: 31/31 MP: 2/4
   561 | D:2      | Reached skill level 1 in Invocations
   578 | D:2      | Reached skill level 1 in Short Blades
   578 | D:2      | Reached skill level 1 in Long Blades
   578 | D:2      | Reached skill level 1 in Axes
   578 | D:2      | Reached skill level 1 in Maces & Flails
   578 | D:2      | Reached skill level 1 in Polearms
   578 | D:2      | Reached skill level 1 in Staves
   578 | D:2      | Reached skill level 1 in Throwing
   578 | D:2      | Reached skill level 1 in Armour
   578 | D:2      | Reached skill level 1 in Shields
   578 | D:2      | Reached skill level 1 in Unarmed Combat
   578 | D:2      | Reached skill level 1 in Spellcasting
   578 | D:2      | Reached skill level 1 in Evocations
   672 | D:2      | Reached XP level 4. HP: 38/38 MP: 5/5
   693 | D:2      | Found a broken altar of Ashenzari.
   804 | D:2      | Reached skill level 1 in Conjurations
   804 | D:2      | Reached skill level 1 in Hexes
   804 | D:2      | Reached skill level 1 in Summonings
   804 | D:2      | Reached skill level 1 in Necromancy
   804 | D:2      | Reached skill level 1 in Translocations
   804 | D:2      | Reached skill level 1 in Transmutations
   804 | D:2      | Reached skill level 1 in Fire Magic
   804 | D:2      | Reached skill level 1 in Ice Magic
   804 | D:2      | Reached skill level 1 in Air Magic
   804 | D:2      | Reached skill level 1 in Earth Magic
   804 | D:2      | Reached skill level 1 in Poison Magic
   907 | D:2      | Found a faded altar of an unknown god.
  1003 | D:2      | Upgraded the game from 0.29-a0-1027-gcd8c55af63 to
                  | 0.29-a0-1033-gb6c65ffae6
  1004 | D:2      | Quit the game

Illustrated notes

Levels and vault maps discovered:
D:1:      minmay_arrival_four_houses, layout_rooms, grunt_decor_mini_mirrors,
          hangedman_decor_points
D:2:      layout_rooms, basic_altar, dilly_ecumenical_altar_fadedgnrine,
          minmay_crystal_room, dreamdust_wishing_well

Skill      XL: |  1  2  3  4 |
---------------+-------------+-----
Invocations    | 1 |  1.3
Short Blades   | 1 |  1.2
Long Blades    | 1 |  1.2
Axes           | 1 |  1.2
Maces & Flails | 1 |  1.2
Polearms       | 1 |  1.2
Staves         | 1 |  1.2
Throwing       | 1 |  1.2
Armour         | 1 |  1.2
Shields        | 1 |  1.2
Unarmed Combat | 1 |  1.2
Spellcasting   | 1 |  1.2
Evocations     | 1 |  1.2
Conjurations   | 1 |  1.0
Hexes          | 1 |  1.0
Summonings     | 1 |  1.0
Necromancy     | 1 |  1.0
Translocations | 1 |  1.0
Transmutations | 1 |  1.0
Fire Magic     | 1 |  1.0
Ice Magic      | 1 |  1.0
Air Magic      | 1 |  1.0
Earth Magic    | 1 |  1.0
Poison Magic   | 1 |  1.0
Fighting       | |  4.6
Ranged Weapons | |  8.6
Dodging        | |  4.6
Stealth        | |  2.6

Action                   |  1- 3 |  4- 6 || total
-------------------------+-------+-------++-------
 Fire: Shortbow          |    65 |    29 ||    94
  Use: Scroll            |     2 |     1 ||     3
       Potion            |     1 |       ||     1
Armor: Leather armour    |    11 |     5 ||    16
Dodge: Dodged            |    24 |     4 ||    28

Table legend: (Time is in decaauts)
 A = Elapsed time spent in this place.
 B = Non-inter-level travel time spent in this place.
 C = Inter-level travel time spent in this place.
 D = Time resting spent in this place.
 E = Time spent auto-exploring this place.
 F = Levels seen in this place.
 G = Mean time per level.
                   A        B        C        D        E       F      G
               +--------+--------+--------+--------+--------+-----+--------+
         Total |   1016 |    997 |     19 |      0 |    825 |   2 |  508.0 |
       Dungeon |   1016 |    997 |     19 |      0 |    825 |   2 |  508.0 |
               +--------+--------+--------+--------+--------+-----+--------+

Top non-repeatable levels by time:
     D:1: 539 daAuts
     D:2: 477 daAuts
